 Dungeon Crawl Stone Soup version 0.19-a0-569-g984bae3 (webtiles) character file.

31 shmeve the Skirmisher (level 3, -1/29 HPs)
             Began as a Demonspawn Fighter on June 9, 2016.
             Was an Initiate of Okawaru.
             Slain by an orc
             ... wielding a +0 falchion
              (5 damage)
             ... on level 3 of the Dungeon.
             The game lasted 00:02:43 (1480 turns).

shmeve the Skirmisher (Demonspawn Fighter)          Turns: 1480, Time: 00:02:44

Health: -1/29      AC:  6    Str: 22    XL:     3   Next: 7%
Magic:  3/3        EV:  8    Int:  9    God:    Okawaru [......]
Gold:   81         SH:  0    Dex: 14    Spells: 0 memorised, 2 levels left

rFire  . . .     SeeInvis .     a - +0 war axe
rCold  . . .     Gourm    .     b - +0 scale mail
rNeg   . . .     Faith    .     c - +0 shield
rPois  .         Spirit   .     (no helmet)
rElec  .         Dismiss  .     (no cloak)
rCorr  .         Reflect  .     (no gloves)
SustAt .         Harm     .     (no boots)
MR     .....                    (no amulet)
Stlth  ..........               (no ring)
                                (no ring)

@: confused, mighty, not resistant to hostile enchantments, extremely unstealthy
A: thin skeletal structure 1, demonic guardian 1
a: Renounce Religion


You were on level 3 of the Dungeon.
You worshipped Okawaru.
Okawaru was noncommittal.
You were hungry.

You visited 1 branch of the dungeon, and saw 3 of its levels.

You collected 81 gold pieces.

Inventory:

Hand Weapons
 a - a +0 war axe (weapon)
Armour
 b - a +0 scale mail (worn)
 c - a +0 shield (worn)
Scrolls
 e - a scroll of blinking {unknown}
 j - 2 scrolls of teleportation {unknown}
 k - a scroll of enchant weapon {unknown}
 p - a scroll of identify {unknown}
 r - a scroll of fear {unknown}
Potions
 d - 3 potions of might
 g - a potion of cancellation {unknown}
 i - 3 potions of flight {unknown}
 l - a potion of curing {unknown}
 n - a potion of cure mutation {unknown}
 o - a potion of degeneration {unknown}
Comestibles
 f - 2 bread rations
 h - a royal jelly
 m - 4 fruits


   Skills:
 * Level 3.2 Fighting
 * Level 2.1 Axes
 + Level 2.8 Armour
 + Level 1.1 Dodging
 * Level 2.9 Shields
 + Level 0.3 Invocations


You had 2 spell levels left.
You didn't know any spells.

Dungeon Overview and Level Annotations

Branches:
Dungeon (3/15)

Altars:
Cheibriados
Fedhas
Kikubaaqudgha
Okawaru
Sif Muna
Uskayaw
The Shining One


Innate Abilities, Weirdness & Mutations

You have a somewhat thin skeletal structure. (Dex +2, Stealth)
A weak demonic guardian rushes to your aid.


Message History

You slash the orc!
You kill the orc!
Okawaru accepts your kill. You block the orc's attack.
The orc hits you with an enchanted falchion.
* * * LOW HITPOINT WARNING * * *
The orc wizard hits you but does no damage.
You hear some strange, mumbled words.
You are confused.
Are you sure you want to stumble around while confused and next to your ally the crimson imp?
This could place you under penance! [Y]es or [N]o only, please.
Are you sure you want to stumble around while confused and next to your ally the crimson imp?
This could place you under penance!
Okay, then.
Are you sure you want to stumble around while confused and next to your ally the crimson imp?
This could place you under penance! [Y]es or [N]o only, please.
Are you sure you want to stumble around while confused and next to your ally the crimson imp?
This could place you under penance!
Okay, then.
You feel very mighty all of a sudden. The orc wizard barely misses you.
The orc hits you with a falchion.
You die...

#. #.
#.#############
#....o.5......#
#####..ยง.{@.......#
.(.......)oo.......
..............#####
.......<..........
............######
............#
............#
##............
+..............


You could see an orc wizard, 2 orcs and a friendly crimson imp.

Vanquished Creatures
  3 giant geckos
  An orc (D:3)
  A ball python (D:1)
  3 goblins
  7 hobgoblins
  2 jackals (D:1)
  3 kobolds
  A bat (D:2)
  3 rats
24 creatures vanquished.

Notes
Turn   | Place    | Note
--------------------------------------------------------------
     0 | D:1      | shmeve the Demonspawn Fighter began the quest for the Orb.
     0 | D:1      | Reached XP level 1. HP: 18/18 MP: 1/1
   152 | D:1      | Found an iron altar of Okawaru.
   159 | D:1      | Became a worshipper of Warmaster Okawaru
   198 | D:1      | Gained mutation: You have a somewhat thin skeletal structure. (Dex +2, Stealth) [demonic ancestry]
   198 | D:1      | Reached XP level 2. HP: 19/24 MP: 2/2
   227 | D:1      | Reached skill level 1 in Dodging
   676 | D:2      | Found a glowing golden altar of the Shining One.
   676 | D:2      | Found a snail-covered altar of Cheibriados.
   677 | D:2      | Found a deep blue altar of Sif Muna.
   689 | D:2      | Found an ancient bone altar of Kikubaaqudgha.
   835 | D:2      | Found a blossoming altar of Fedhas.
  1290 | D:2      | Found a hide-covered altar of Uskayaw.
  1292 | D:2      | Noticed an enchanted dagger
  1292 | D:2      | Noticed a dagger
  1452 | D:2      | Gained mutation: A weak demonic guardian rushes to your aid. [demonic ancestry]
  1452 | D:2      | Reached XP level 3. HP: 29/29 MP: 3/3
  1480 | D:3      | Slain by an orc

Vault maps used:
D:1:      ncdulo_lavacross, okawaru_ov_weapons_minmay
D:2:      nicolae_overflow_crystal_walls, dancing_weapons_uskayaw,
          nicolae_overflow_quartered_altars, first_bread
D:3:      lemuel_doored_altar, minmay_bisected, uniq_grinder, uniq_jessica

Skill      XL: |  1  2 |
---------------+-------+-----
Axes           | 2 |  2.1
Dodging        | 1 |  1.1
Fighting       | |  3.2
Armour         | |  2.8
Shields        | |  2.9
Invocations    | |  0.3

Action                   || total
-------------------------++-------
Melee: War axe           ||    85
  Use: Potion            ||     1
  Eat: Chunk             ||     1
Armor: Scale mail        ||    52
Dodge: Dodged            ||    36
Block: Shield            ||    52
